 Seeded DCSS version 0.30-a0-986-g7f2e898f52 (webtiles) character file.

Game seed: 3425090202442293766 (custom seed)

2 DeathPants the Slasher (level 1, 0/11 HPs)
             Began as a Vine Stalker Gladiator on Apr 1, 2023.
             Constricted to death by a ball python (1 damage)
             ... on level 1 of the Dungeon.
             The game lasted 00:00:24 (60 turns).

DeathPants the Slasher (Vine Stalker Gladiator)       Turns: 60, Time: 00:00:25

Health: 0/11       AC:  4    Str: 16    XL:     1   Next: 40%
Magic:  0/2        EV:  9    Int:  8    God:
Gold:   0          SH:  0    Dex: 15    Spells: 0/0 levels left

rFire   . . .      SeeInvis .    a - +0 long sword
rCold   . . .      Faith    .    (no shield)
rNeg    . . .      Spirit   +    b - +0 leather armour
rPois   .          Reflect  .    c - +0 helmet
rElec   .          Rampage  .    (no cloak)
rCorr   .                        (no gloves)
Will    .....                    (no boots)
Stlth   +                        (no amulet)
HPRegen 0.21/turn                (no ring)
MPRegen 0.08/turn                (no ring)

@: constricted
A: fangs 2, magic shield, antimagic bite, no potion heal 2
a: no special abilities


You were on level 1 of the Dungeon.
You visited 1 branch of the dungeon, and saw 1 of its levels.

Inventory:

Hand Weapons
 a - a +0 long sword (weapon)
Missiles
 d - 3 throwing nets (quivered)
 e - a javelin
Armour
 b - a +0 leather armour (worn)
 c - a +0 helmet (worn)
Jewellery
 g - a ring of see invisible
Scrolls
 f - a scroll of acquirement {unknown}


   Skills:
 + Level 1.8 Fighting
 + Level 2.7 Long Blades
 - Level 1.7 Throwing
 + Level 0.1 Armour
 + Level 2.4 Dodging


You couldn't memorise any spells.
You didn't know any spells.
Your spell library was empty.

Dungeon Overview and Level Annotations

Branches:
Dungeon (1/15)

Altars:


Innate Abilities, Weirdness & Mutations

You have extremely sharp teeth.
When hurt, damage is shared between your health and your magic reserves.
Your bite disrupts and absorbs the magic of your enemies.
Potions cannot restore your health.


Message History

A kobold comes into view. It is wielding a +0 short sword.
Found a stone staircase leading down.
Found a ring mail.
An endoplasm comes into view.
The kobold shouts!
The endoplasm quivers.
A ball python comes into view.
Found a scroll labelled ALANOX UGUGGIST.
The kobold hits you with a +0 short sword.
You closely miss the kobold. You bite the kobold. You drain its power.
The kobold is moderately wounded.
The kobold closely misses you.
A rat comes into view.
You closely miss the kobold.
The kobold is moderately wounded.
The kobold hits you with a +0 short sword.
You closely miss the kobold. Your bite misses the kobold.
The kobold is moderately wounded.
The kobold hits you but does no damage. The ball python closely misses you.
The ball python barely misses you.
You slash the kobold!
You kill the kobold!
The ball python misses you. The ball python grabs you.
The ball python constricts you. The ball python bites you.
The ball python constricts you.
You escape the ball python's grasp.
You hit the endoplasm but do no damage. The endoplasm freezes you.
You are frozen.
The ball python barely misses you. The ball python grabs you.
The ball python constricts you. The endoplasm closely misses you.
You slash the endoplasm!
You kill the endoplasm!
The ball python bites you. The ball python constricts you.
* * * LOW HITPOINT WARNING * * *
You hit the ball python.
The ball python is heavily wounded.
The ball python bites you.
* * * LOW HITPOINT WARNING * * *
The ball python constricts you.
You die...

# #.?.#####....##.
#.###......#........ ..
#.#.......##........
#.##.#.......##....####
#............##..### #
..###?....[....##.#
#.....#...........### #
###.>###.#######.....####
......).@# ##........
?......S.# #........
.[....r..# ##....##.
.........# ##......
^.......## ###....
........# ##### ........#
........#


You could see a ball python and a rat.

Vanquished Creatures
  An endoplasm (D:1)
  A kobold (D:1)
2 creatures vanquished.

Notes
Turn   | Place    | Note
-------+----------+-------------------------------------------
     0 | D:1      | DeathPants the Vine Stalker Gladiator began the quest for
                  | the Orb.
     0 | D:1      | Reached XP level 1. HP: 11/11 MP: 2/2
    60 | D:1      | Constricted to death by a ball python

Illustrated notes

Levels and vault maps discovered:
D:1:      minmay_arrival_loop, layout_basic, ebering_ecumenical_altar_webs,
          moated_statue, minmay_tetromino_s2

Action                     || total
---------------------------++-------
  Melee: Long sword        ||     7
         Bite              ||     1
 Armour: Leather armour    ||     1
  Dodge: Dodged            ||     6

Table legend: (Time is in decaauts)
 A = Elapsed time spent in this place.
 B = Non-inter-level travel time spent in this place.
 C = Inter-level travel time spent in this place.
 D = Time resting spent in this place.
 E = Time spent auto-exploring this place.
 F = Levels seen in this place.
 G = Mean time per level.
                   A        B        C        D        E       F      G
               +--------+--------+--------+--------+--------+-----+--------+
         Total |     61 |     61 |      0 |      0 |     39 |   1 |   61.0 |
       Dungeon |     61 |     61 |      0 |      0 |     39 |   1 |   61.0 |
               +--------+--------+--------+--------+--------+-----+--------+

Top non-repeatable levels by time:
     D:1: 61 daAuts
